 Dungeon Crawl Stone Soup version 0.26.1-11-gd32895ea62 (webtiles) character file.

Game seed: 222797448791309368

89 Almogavar the Slasher (level 4, -7/60 HPs)
             Began as a Palentonga Berserker on July 17, 2021.
             Was a Believer of Trog.
             Mangled by a goblin
             ... wielding a +0 hand axe
             ... led by Robin
              (9 damage)
             ... on level 2 of the Dungeon.
             The game lasted 00:03:34 (1586 turns).

Almogavar the Slasher (Palentonga Berserker)        Turns: 1586, Time: 00:03:36

Health: -7/60      AC:  4    Str: 22    XL:     4   Next: 31%
Magic:  4/4        EV: 10    Int:  7    God:    Trog [**....]
Gold:   97         SH:  0    Dex:  9    Spells: 3/3 levels left

rFire    . . .     SeeInvis +   a - +0 falchion
rCold    . . .     Faith    .   (no shield)
rNeg     . . .     Spirit   .   b - +0 animal skin
rPois    .         Reflect  .   (no helmet)
rElec    .         Harm     .   (no cloak)
rCorr    .         Rampage  .   (no gloves)
Will     .....                  (no barding)
Stlth    ..........             (no amulet)
HPRegen  0.20/turn              (no ring)
MPRegen  0.09/turn              (no ring)

@: berserking (expiring), very quick
A: large, rugged brown scales 3, see invisible, deformed body, roll 1, armoured
tail
a: Rolling Charge, Renounce Religion, Berserk, Trog's Hand


You were on level 2 of the Dungeon.
You worshipped Trog.
Trog was pleased with you.
You visited 1 branch of the dungeon, and saw 2 of its levels.

You collected 97 gold pieces.

Inventory:

Hand Weapons
 a - a +0 falchion (weapon)
Armour
 b - a +0 animal skin (worn)
Scrolls
 c - 2 scrolls of identify {unknown}
 d - 2 scrolls of magic mapping {unknown}
 i - a scroll of random uselessness {unknown}
 k - a scroll of teleportation {unknown}
Potions
 e - a potion of mutation {unknown}
 f - 2 potions of haste
 g - a potion of attraction {unknown}
 h - 2 potions of ambrosia {unknown}
 j - 2 potions of curing {unknown}
 l - a potion of flight {unknown}


   Skills:
 + Level 3.5 Fighting
 + Level 4.3 Long Blades
 + Level 1.8 Armour
 + Level 2.1 Dodging


You had 3 spell levels left.
You didn't know any spells.
Your spell library was empty.

Dungeon Overview and Level Annotations

Branches:
Dungeon (2/15)

Altars:
Fedhas
Kikubaaqudgha


Innate Abilities, Weirdness & Mutations

You are completely covered in rugged brown scales. (AC +3, +7% HP)
You have supernaturally acute eyesight. (SInv)
Armour fits poorly on your strangely shaped body.
You can roll at nearby foes to attack.
You have a long armoured tail.


Message History

Robin hits you with a cursed +0 club.
* * * LOW HITPOINT WARNING * * *
The goblin closely misses you.
You slash Robin!
You kill Robin!
Trog accepts your kill.
The hobgoblin hits you but does no damage.
The hobgoblin hits you with a +0 club.
* * * LOW HITPOINT WARNING * * *
Unknown command.
You closely miss the goblin. The goblin closely misses you.
You riposte.
You closely miss the goblin. The hobgoblin hits you with a +0 club.
* * * LOW HITPOINT WARNING * * *
You hit the dart slug.
The dart slug is lightly wounded.
Your skin stops crawling.
You feel less strong-willed.
The hobgoblin hits you but does no damage.
A bat comes into view.
The goblin hits you with a +0 hand axe!
You die...

..######### ..........# ♣♣
..#....##. ♣♣. .##....#
♣♣)♣♣ .##....###### ♣♣..)♣
.##.......).# ♣....♣ .
####.#.#### #....# .##
#.#.# ####)g..###..#
....##.#.####..g@w.....b.#
#.............#)#g..#.#.g.
.#.##....#####.#####
#.......# ... ####....#
#.### ........ #.
###.......#. ...###.##.
##..# .#


You could see a dart slug, 2 hobgoblins, a goblin (strong) and a bat.

Vanquished Creatures
  Terence (D:2)
  Robin (D:2)
  An adder (D:2)
  2 leopard geckos
  5 bats
  2 giant cockroaches (D:1)
  9 goblins
  9 hobgoblins
  A frilled lizard (D:2)
  5 kobolds (D:1)
  2 rats (D:2)
38 creatures vanquished.

Notes
Turn   | Place    | Note
-------+----------+-------------------------------------------
     0 | D:1      | Almogavar the Palentonga Berserker began the quest for the
                  | Orb.
     0 | D:1      | Reached XP level 1. HP: 20/20 MP: 1/1
   160 | D:1      | Reached XP level 2. HP: 27/27 MP: 2/2
  1223 | D:2      | Found a blossoming altar of Fedhas.
  1223 | D:2      | Found an ancient bone altar of Kikubaaqudgha.
  1235 | D:2      | Reached XP level 3. HP: 33/33 MP: 3/3
  1243 | D:2      | Noticed Terence
  1252 | D:2      | Killed Terence
  1253 | D:2      | Reached skill level 4 in Long Blades
  1368 | D:2      | Reached ** piety under Trog
  1563 | D:2      | Noticed Robin
  1569 | D:2      | Reached XP level 4. HP: 23/40 MP: 4/4
  1584 | D:2      | Killed Robin
  1585 | D:2      | HP: 2/60 [hobgoblin/+0 club[Robin] (4)]
  1586 | D:2      | Mangled by a goblin

Illustrated notes

Levels and vault maps discovered:
D:1:      arrival_zaba_pyramid, layout_basic, minivault_5, minmay_tromino_i2
D:2:      layout_basic, grunt_temple_overflow_growth_and_decay, uniq_terence,
          uniq_crazy_yiuf_cottage, uniq_robin, uniq_natasha

Skill      XL: |  1  2  3 |
---------------+----------+-----
Long Blades    | 4 |  4.3
Dodging        | 2 |  2.1
Fighting       | |  3.5
Armour         | |  1.8

Action                   |  1- 3 |  4- 6 || total
-------------------------+-------+-------++-------
Melee: Falchion          |    71 |    16 ||    87
       Tailslap          |     7 |     2 ||     9
Invok: Berserk           |     1 |     1 ||     2
       Trog's Hand       |       |     1 ||     1
 Abil: Rolling Charge    |    23 |       ||    23
Armor: Animal skin       |    20 |    10 ||    30
Dodge: Dodged            |    38 |    18 ||    56
       Rpst.: Falchion   |    11 |     6 ||    17
